 Dungeon Crawl Stone Soup version 0.18.1-48-g4cf74bf (webtiles) character file.

52 Jonno22 the Skirmisher (level 3, -1/31 HPs)
             Began as a Demigod Fighter on Aug 21, 2016.
             Slain by a goblin
             ... wielding a +0 club
             ... led by Robin
              (4 damage)
             ... on level 2 of the Dungeon.
             The game lasted 00:12:17 (1081 turns).

Jonno22 the Skirmisher (Demigod Fighter)            Turns: 1081, Time: 00:12:17

Health: -1/31      AC:  6    Str: 21    XL:     3   Next: 39%
Magic:  5/5        EV:  7    Int: 12    God:
Gold:   110        SH:  9    Dex: 15    Spells: 0 memorised, 2 levels left

rFire  . . .     SeeInvis .     a - +0 long sword
rCold  . . .     Gourm    .     b - +0 scale mail
rNeg   . . .     Faith    .     c - +0 shield
rPois  .         Spirit   .     (no helmet)
rElec  .         Dismiss  .     (no cloak)
rCorr  .         Reflect  .     (no gloves)
SustAt +         Harm     .     (no boots)
MR     .....                    (no amulet)
Stlth  ..........               (no ring)
                                (no ring)

@: not resistant to hostile enchantments, extremely unstealthy
A: high mp 1, sustain attributes
a: no special abilities


You were on level 2 of the Dungeon.
You were full.

You visited 1 branch of the dungeon, and saw 2 of its levels.

You collected 110 gold pieces.

Inventory:

Hand Weapons
 a - a +0 long sword (weapon)
 g - a +0 whip
 i - a +0 club
 l - a +0 spear
 m - a +0 whip
 p - a +0 club
 q - a +0 dagger
 r - a +0 club
 t - a +0 club
 x - a +0 short sword
 B - a +0 club
 C - a +0 club
Missiles
 j - 47 arrows
 k - 84 stones (quivered)
 o - 28 sling bullets
 u - 24 bolts
Armour
 b - a +0 scale mail (worn)
 c - a +0 shield (worn)
 e - a +0 leather armour
 h - a +0 robe
Scrolls
 n - a scroll of blinking
 w - a scroll of remove curse {unknown}
 y - a scroll of magic mapping {unknown}
Potions
 d - a potion of might
 s - a potion of resistance {unknown}
 z - 2 potions of degeneration
Comestibles
 f - 2 bread rations
 v - a meat ration


   Skills:
 + Level 3.2 Fighting
 + Level 2.2 Long Blades
 + Level 3.1 Armour
 + Level 0.3 Dodging
 + Level 3.1 Shields


You had 2 spell levels left.
You didn't know any spells.

Dungeon Overview and Level Annotations

Branches:
Dungeon (2/15)

Annotations:
D:2 Robin


Innate Abilities, Weirdness & Mutations

You have an increased reservoir of magic (+10% MP).
Your attributes are resistant to harm.


Message History

You block the goblin's attack. The hobgoblin hits you.
You hit the goblin.
You kill the goblin!
The hobgoblin hits you.
A goblin comes into view. It is wielding a dagger.
The goblin shouts!
Items here: ( )) †† a club; a hunting sling; 16 sling bullets; a goblin corpse x2
You hit the hobgoblin but do no damage. The hobgoblin hits you.
* * * LOW HITPOINT WARNING * * *
Robin hits you from afar with a spear.
* * * LOW HITPOINT WARNING * * *
You block the goblin's attack. The hobgoblin barely misses you.
You closely miss the hobgoblin. The hobgoblin hits you.
* * * LOW HITPOINT WARNING * * *
The goblin hits you with a club.
* * * LOW HITPOINT WARNING * * *
You closely miss the hobgoblin. Robin barely misses you.
You block the hobgoblin's attack. The goblin hits you with a club.
You die...

#.# #.#. ##.####...
##### #..#......
...# ####....##.#.
###.####...._.......
#.....†.........####
#.#(####............
#.##.#g#
#._..⌠....###
#...gg@# #.........#
#.##g### ##....._.##
...# #.......# #####
#........###
#........#
#.........#
#....#.#....
..............
####..........


You could see Robin, a hobgoblin and 2 goblins.

Vanquished Creatures
  3 dart slugs (D:1)
  2 giant cockroaches
  9 goblins
  6 hobgoblins
  5 jackals (D:1)
  6 kobolds (D:1)
  6 bats
  3 giant newts (D:1)
  2 rats (D:1)
42 creatures vanquished.

Notes
Turn   | Place    | Note
--------------------------------------------------------------
     0 | D:1      | Jonno22 the Demigod Fighter began the quest for the Orb.
     0 | D:1      | Reached XP level 1. HP: 18/18 MP: 3/3
   265 | D:1      | Reached XP level 2. HP: 17/25 MP: 4/4
   667 | D:1      | Reached XP level 3. HP: 21/31 MP: 5/5
  1009 | D:2      | Found a stormy altar of Qazlal.
  1011 | D:2      | Found a blossoming altar of Fedhas.
  1012 | D:2      | Found an oddly glowing altar of Pakellas.
  1070 | D:2      | Noticed Robin
  1081 | D:2      | Slain by a goblin

Skill      XL: |  1  2 |
---------------+-------+-----
Fighting       | 3 |  3.2
Shields        | 3 |  3.1
Long Blades    | 2 |  2.2
Armour         | 3 |  3.1
Dodging        | |  0.3

Action                   || total
-------------------------++-------
Melee: Long sword        ||   129
  Use: Scroll            ||     2
  Eat: Meat ration       ||     1
Armor: Scale mail        ||    83
Dodge: Dodged            ||    57
Block: Shield            ||    99
